 Dungeon Crawl Stone Soup version 0.18-a0-1670-gb40d73e (webtiles) character file.

84827 dvd the Imperceptible (level 15, -7/68 HPs)
             Began as a Spriggan Enchanter on Apr 1, 2016.
             Was an Initiate of Gozag.
             Mangled by a long sword of slicing (17 damage)
             ... on level 1 of the Elven Halls.
             The game lasted 02:34:05 (31615 turns).

dvd the Imperceptible (Spriggan Enchanter)         Turns: 31615, Time: 02:34:06

Health: -7/68      AC:  9    Str:  4    XL:     15   Next: 36%
Magic:  1/36       EV: 26    Int: 26    God:    Gozag
Gold:   2878       SH:  2    Dex: 18    Spells: 10 memorised, 14 levels left

rFire  . . .     SeeInvis +     a - +5 short sword (freeze)
rCold  + . .     Gourm    .     L - +2 robe {rC+}
rNeg   + . .     Faith    .     (shield restricted)
rPois  +         Spirit   .     h - +2 hat
rElec  .         Dismiss  .     A - +2 cloak {rPois}
rCorr  .         Reflect  +     (gloves unavailable)
SustAt .         Harm     .     (boots unavailable)
MR     ++...                    E - +2 amulet of reflection
Stlth  +++++++++.               Y - ring of Kiet {+Fly Int+4 Slay+3}
                                R - ring of positive energy

@: hasted, bribing [the Elven Halls], very quick, very resistant to hostile
enchantments, incredibly stealthy
A: unfitting armour, claws 1, see invisible, herbivore 3, speed 3, slow
metabolism 2
a: Potion Petition, Call Merchant, Bribe Branch, Renounce Religion, Evoke Flight


You were on level 1 of the Elven Halls.
You worshipped Gozag.
Gozag was noncommittal.
You were not hungry.

You visited 5 branches of the dungeon, and saw 26 of its levels.
You also visited: Labyrinth and Ice Cave.

You collected 8874 gold pieces.
You spent 538 gold pieces at shops.
You paid 5458 gold pieces to Gozag.

Inventory:

Hand Weapons
 a - a +5 short sword of freezing (weapon)
 b - a +2 dagger of flaming
 m - a +0 dagger of draining
Armour
 h - a +2 hat (worn)
 z - a +2 robe of fire resistance
 A - a +2 cloak of poison resistance (worn)
 L - a +2 robe of cold resistance (worn)
Magical Staves
 T - an uncursed staff of air
Jewellery
 i - an uncursed ring of poison resistance
 E - a +2 amulet of reflection (around neck)
 R - a ring of positive energy (left claw)
 Y - the ring of Kiet (right claw) {+Fly Int+4 Slay+3}
   (You found it in a labyrinth)

   [ring of flight]

   It affects your intelligence (+4).
   It affects your accuracy and damage with ranged weapons and melee attacks
   (+3).
   It lets you fly.
Wands
 f - a wand of teleportation (3/9)
 s - a wand of lightning (4/15)
 y - a wand of flame (33/48)
 G - a wand of teleportation (7/9)
 K - a wand of digging (13/24)
 N - a wand of acid (6/15)
Scrolls
 e - 7 scrolls of remove curse
 g - 12 scrolls of identify
 j - 7 scrolls of teleportation
 n - 2 scrolls of silence
 o - 3 scrolls of magic mapping
 w - a scroll of enchant armour
 x - 5 scrolls of amnesia
 J - 3 scrolls of recharging
 P - 4 scrolls of blinking
 U - a scroll of brand weapon
Potions
 c - 3 potions of agility
 k - a potion of resistance
 q - 2 potions of heal wounds
 t - 4 potions of brilliance
 v - 20 potions of curing
 C - a potion of cure mutation
 O - a potion of beneficial mutation {unknown}
 S - a potion of haste
Books
 l - a book of Callings

   Spells                             Type                      Level
   a - Summon Small Mammal            Summoning                    1
   b - Call Imp                       Summoning                    2
   c - Call Canine Familiar           Summoning                    3
   d - Summon Guardian Golem          Hexes/Summoning              3
   e - Summon Lightning Spire         Summoning/Air                4
   f - Summon Ice Beast               Ice/Summoning                4
 u - a book of Battle

   Spells                             Type                      Level
   a - Infusion                       Charms                       1
   b - Shroud of Golubria             Charms/Translocation         2
   c - Song of Slaying                Charms                       2
   d - Spectral Weapon                Hexes/Charms                 3
   e - Regeneration                   Charms/Necromancy            3
 B - a book of the Earth

   Spells                             Type                      Level
   a - Leda's Liquefaction            Hexes/Earth                  4
   b - Bolt of Magma                  Conjuration/Fire/Earth       5
   c - Statue Form                    Transmutation/Earth          6
   d - Iron Shot                      Conjuration/Earth            6
   e - Shatter                        Earth                        9
 D - a Grand Grimoire

   Spells                             Type                      Level
   a - Monstrous Menagerie            Summoning                    7
   b - Summon Greater Demon           Summoning                    7
   c - Malign Gateway                 Summoning/Translocation      7
   d - Summon Horrible Things         Summoning                    8
 F - a book of the Dragon

   Spells                             Type                      Level
   a - Flame Tongue                   Conjuration/Fire             1
   b - Cause Fear                     Hexes                        4
   c - Bolt of Fire                   Conjuration/Fire             6
   d - Dragon Form                    Transmutation                7
   e - Dragon's Call                  Summoning                    9
 I - a Necronomicon

   Spells                             Type                      Level
   a - Haunt                          Necromancy/Summoning         7
   b - Borgnjor's Revivification      Necromancy                   8
   c - Death's Door                   Charms/Necromancy            8
   d - Necromutation                  Transmutation/Necromancy     8
 M - a book of Frost

   Spells                             Type                      Level
   a - Freeze                         Ice                          1
   b - Throw Frost                    Conjuration/Ice              2
   c - Ozocubu's Armour               Charms/Ice                   3
   d - Throw Icicle                   Conjuration/Ice              4
   e - Summon Ice Beast               Ice/Summoning                4
 W - a book of Debilitation

   Spells                             Type                      Level
   a - Corona                         Hexes                        1
   b - Slow                           Hexes                        2
   c - Gell's Gravitas                Hexes/Translocation          3
   d - Inner Flame                    Hexes/Fire                   3
   e - Cause Fear                     Hexes                        4
   f - Leda's Liquefaction            Hexes/Earth                  4
Miscellaneous
 d - a crystal ball of energy
Comestibles
 Q - 40 fruits
 V - 3 bread rations


   Skills:
 + Level 3.5 Fighting
 + Level 5.9 Short Blades
 + Level 9.7 Dodging
 + Level 21.6 Stealth
 + Level 16.1 Spellcasting
 + Level 0.8 Conjurations
 + Level 14.3 Hexes
 + Level 2.3 Charms
 + Level 2.2 Summonings
 + Level 1.0 Necromancy
 + Level 8.4 Ice Magic
 + Level 1.1 Evocations


You had 14 spell levels left.
You knew the following spells:

 Your Spells              Type           Power        Failure   Level  Hunger
a - Summon Ice Beast      Ice/Summ       #####...     3%          4    None
b - Ensorcelled Hibernat  Hex/Ice        ######       1%          2    None
c - Confuse               Hex            #######.     1%          3    None
d - Tukima's Dance        Hex            #######.     1%          3    None
e - Dazzling Spray        Conj/Hex       ######..     1%          3    None
f - Cause Fear            Hex            #######...   1%          4    None
g - Regeneration          Chrm/Necr      ####......   4%          3    None
h - Ozocubu's Armour      Chrm/Ice       #####...     1%          3    None
i - Gell's Gravitas       Hex/Tloc       ######....   1%          3    None
j - Throw Icicle          Conj/Ice       #####...     4%          4    None


Dungeon Overview and Level Annotations

Branches:
Dungeon (14/15)            Temple (1/1) D:4            Lair (8/8) D:9
  Swamp (0/4) Lair:6       Spider (0/4) Lair:4        Slime (0/6) Lair:6
    Orc (2/2) D:11            Elf (1/3) Orc:2
 Vaults: D:13-14

Altars:
Ashenzari
Cheibriados
Dithmenos
Elyvilon
Fedhas
Gozag
Kikubaaqudgha
Makhleb
Nemelex Xobeh
Okawaru
Pakellas
Qazlal
Ru
Sif Muna
Trog
Vehumet
Xom
Yredelemnul
Zin
The Shining One

Shops:
D:6 =   D:11 ([   Orc:2 ?[}?   Lair:5 (

Annotations:
D:14 Agnes


Innate Abilities, Weirdness & Mutations

You are tiny and cannot use many weapons and most armour.
You have supernaturally acute eyesight.
You are a herbivore.
You cover ground extremely quickly.
You need consume almost no food.
You have sharp fingernails.


Message History

Press: ? - help, Shift-Dir - straight line, f/p - long sword of slicing
Aim: a long sword of slicing The shard of ice hits the long sword of slicing.
The long sword of slicing partially resists.
The long sword of slicing is heavily damaged.
The long sword of slicing hits you!
Casting: Throw Icicle
Confirm with . or Enter, or press ? or * to list all spells.
Aiming: Throw Icicle
Press: ? - help, Shift-Dir - straight line, f/p - long sword of slicing
Aim: a long sword of slicing (heavily damaged)
The shard of ice misses the long sword of slicing.
The shard of ice misses the flail of protection.
The long sword of slicing hits you!
Drink which item? (? for menu, Esc to quit)
You feel yourself speed up. The long sword of slicing hits you!
* * * LOW HITPOINT WARNING * * *
x2 The long sword of slicing hits you!
You die...
Your body crumbles into a pile of gold.

....... ##################
....... ..........)))....#
.......
#####..#########.######.......
#..# #....(.ee...... #..#
#.e..>ee....... ##''##
#(######.e..... ##....## #(#
....... ##......#######@#
....... ##........'......#
....... #.........########
....e.. ..........# .....(.
..........# ..e..e.
.........## $ ........##
.......## ......##


You could see a deep elf knight and 2 dancing weapons.

Vanquished Creatures
  A deep elf sorcerer (Elf:1)
  A dire elephant (Lair:7)
  The ghost of George the Fencer, a journeyman MiFi of the Shining One (D:12)
  A minotaur (Lab)
  15 hydras
  Erica (D:8)
  3 centaur warriors
  A queen ant (Lair:7)
  A deep troll shaman (Lair:8)
  12 death yaks
  A tengu warrior (D:11)
  2 unseen horrors
  3 hill giants
  An orc knight (Orc:2)
  Pikel (D:8)
  A lindwurm (Lair:7)
  An oklob plant (Lair:6)
  A griffon (Lair:6)
  3 deep elf magi
  12 elephants
  4 black mambas
  2 ice statues (IceCv)
  A torpor snail (Lair:5)
  A rime drake (Lair:3)
  Psyche (D:12)
  11 spiny frogs
  4 komodo dragons
  2 centaur skeletons
  A harpy zombie (D:14)
  10 ice devils (IceCv)
  4 trolls
  A minotaur zombie (Lab)
  4 jumping spiders (Lair:4)
  2 polar bears
  Grinder (D:4)
  13 blink frogs
  An air elemental (Elf:1)
  Sigmund (D:4)
  A wraith (D:13)
  A dancing weapon (D:7)
  4 redbacks (Lair:4)
  A wyvern (Lair:7)
  61 yaks
  2 steam dragons
  2 basilisks
  3 vampire mosquitoes (D:12)
  A hungry ghost (D:11)
  Grum (D:9)
  10 hippogriffs
  A warg (Orc:2)
  The ghost of Jano the Magician, an amateur OpWz (D:3)
  Menkaure (D:4)
  13 soldier ants (Lair:7)
  12 water moccasins
  A soldier ant (shapeshifter) (Elf:1)
  13 porcupines
  5 sky beasts
  14 orc warriors
  3 black bears
  2 ice beasts
  15 centaurs
  6 ogres
  6 wolves
  4 phantoms
  17 crocodiles
  A necrophage (D:10)
  Blork the orc (D:4)
  3 big kobolds
  18 giant frogs
  2 scorpions (D:10)
  A wyvern skeleton (D:11)
  2 howler monkeys
  2 wights (D:10)
  4 electric eels
  3 crimson imps
  3 centaur zombies
  A quasit (D:9)
  5 hounds
  3 jellies
  9 orc wizards
  2 giant frog skeletons
  7 orc priests
  Jessica (D:2)
  5 iguanas
  Ijyb (D:2)
  45 worker ants
  Terence (D:2)
  32 sheep
  A hound skeleton (D:7)
  A howler monkey zombie (D:8)
  2 worker ant zombies (D:8)
  Robin (D:4)
  6 gnolls
  13 adders
  57 river rats
  5 white imps (IceCv)
  9 ufetubi (IceCv)
  An ooze (D:1)
  3 dart slugs
  5 giant geckos
  40 orcs
  3 bats
  A bat zombie (D:4)
  6 giant cockroaches
  17 goblins
  19 hobgoblins
  18 kobolds
  3 quokkas
  A ball python (D:5)
  4 giant newts
  9 rats
  3 rat zombies (D:4)
  A fungus (Lair:7)
  A plant (Lair:7)
710 creatures vanquished.

Vanquished Creatures (collateral kills)
  A dire elephant (Lair:8)
  A catoblepas (Lair:8)
  3 death yaks (Lair:8)
  A deep elf knight (Elf:1)
  3 hill giants
  4 orc knights
  An orc sorcerer (Orc:2)
  An elephant (Lair:8)
  A centaur zombie (D:13)
  A two-headed ogre (Orc:2)
  3 yaks (Lair:8)
  A warg (Orc:1)
  18 orc warriors
  2 ogres (Orc:1)
  5 centaurs (Orc:2)
  A gnoll sergeant (D:9)
  A giant frog (D:14)
  2 wights (D:10)
  5 orc priests
  3 orc wizards
  A worker ant (D:8)
  3 gnolls (D:9)
  An adder (D:10)
  3 river rats
  22 orcs
  A giant cockroach (D:5)
  A fungus (Lair:8)
  A plant (Lair:8)
91 creatures vanquished.

Vanquished Creatures (others)
  2 dancing weapons
  A yak (D:14)
  5 hogs (D:14)
  A sky beast (D:14)
  2 slaves (D:8)
  An earth elemental (Elf:1)
  An orc wizard (D:8)
  2 white imps (IceCv)
  An ufetubus (IceCv)
  3 orcs
  19 fungi
  36 plants
  8 toadstools (Lair:7)
82 creatures vanquished.

Grand Total: 883 creatures vanquished

Notes
Turn   | Place    | Note
--------------------------------------------------------------
     0 | D:1      | dvd the Spriggan Enchanter began the quest for the Orb.
     0 | D:1      | Reached XP level 1. HP: 9/9 MP: 5/5
   239 | D:1      | Reached XP level 2. HP: 13/13 MP: 4/7
   265 | D:1      | Learned a level 2 spell: Ensorcelled Hibernation
   819 | D:1      | Reached XP level 3. HP: 16/16 MP: 3/8
   867 | D:1      | Learned a level 3 spell: Confuse
  1296 | D:2      | Found a faded altar to an unknown god.
  1313 | D:2      | Noticed Ijyb
  1319 | D:2      | Killed Ijyb
  1319 | D:2      | Reached skill level 5 in Stealth
  1319 | D:2      | Reached skill level 1 in Ice Magic
  1330 | D:2      | Noticed Terence
  1337 | D:2      | Killed Terence
  1337 | D:2      | Reached XP level 4. HP: 21/21 MP: 3/10
  2200 | D:2      | Found a sparkling altar of Nemelex Xobeh.
  2200 | D:2      | Noticed Jessica
  2204 | D:2      | Killed Jessica
  2204 | D:2      | Reached skill level 6 in Stealth
  2204 | D:2      | Reached XP level 5. HP: 24/24 MP: 10/12
  2303 | D:3      | Learned a level 3 spell: Tukima's Dance
  2323 | D:3      | Noticed Jano's ghost (amateur OpWz)
  2345 | D:3      | Killed Jano's ghost
  2345 | D:3      | Reached skill level 7 in Stealth
  2571 | D:3      | Reached XP level 6. HP: 28/28 MP: 7/13
  2886 | D:4      | Found a staircase to the Ecumenical Temple.
  2893 | D:4      | Noticed Robin
  2938 | D:4      | Noticed Sigmund
  3206 | D:4      | Killed Sigmund
  3206 | D:4      | Reached skill level 8 in Stealth
  3206 | D:4      | Reached skill level 5 in Hexes
  3206 | D:4      | Reached XP level 7. HP: 32/32 MP: 14/14
  3212 | D:4      | Learned a level 3 spell: Dazzling Spray
  3251 | Temple   | Entered the Ecumenical Temple
  3544 | Temple   | Became a worshipper of Gozag Ym Sagoz the Greedy
  3747 | D:4      | Killed Robin
  3810 | D:4      | Noticed Blork the orc
  3815 | D:4      | Noticed Grinder
  3820 | D:4      | Killed Blork the orc
  3820 | D:4      | Reached skill level 9 in Stealth
  3844 | D:4      | You fall through a shaft for 2 floors!
  3864 | D:5      | Entered Level 5 of the Dungeon
  3887 | D:5      | Found an iron altar of Okawaru.
  4037 | D:4      | Killed Grinder
  4037 | D:4      | Reached skill level 5 in Spellcasting
  4252 | D:4      | Found a glowing silver altar of Zin.
  4422 | D:4      | Found an ancient bone altar of Kikubaaqudgha.
  4508 | D:4      | Noticed Menkaure
  4513 | D:4      | Killed Menkaure
  4513 | D:4      | Reached skill level 10 in Stealth
  4564 | D:5      | Reached XP level 8. HP: 37/37 MP: 10/17
  5815 | D:6      | Reached skill level 1 in Fighting
  6132 | D:6      | Found Gaicoh's Jewellery Emporium.
  6140 | D:6      | Bought a +2 amulet of reflection for 300 gold pieces
  6140 | D:6      | Bought a +2 ring of intelligence for 90 gold pieces
  6284 | D:7      | Found an oddly glowing altar of Pakellas.
  6388 | D:7      | Found a bloodstained altar of Trog.
  6388 | D:7      | Found a shattered altar of Ashenzari.
  6700 | D:7      | Reached skill level 11 in Stealth
  7461 | D:8      | Noticed Erica
  7662 | D:8      | Reached XP level 9. HP: 41/41 MP: 20/20
  7689 | D:8      | Noticed Pikel
  7727 | D:8      | Killed Pikel
  7727 | D:8      | Reached skill level 12 in Stealth
  7938 | D:8      | Killed Erica
  7938 | D:8      | Reached skill level 5 in Dodging
  8349 | D:9      | Reached skill level 13 in Stealth
  8450 | D:9      | Found a snail-covered altar of Cheibriados.
  8816 | D:9      | Noticed Grum
  8819 | D:9      | Killed Grum
  8819 | D:9      | Reached XP level 10. HP: 45/45 MP: 15/23
  8855 | D:9      | Found a staircase to the Lair.
  8957 | D:9      | Found a basalt altar of Yredelemnul.
  8991 | D:9      | Learned a level 3 spell: Call Canine Familiar
  9022 | D:10     | Entered Level 10 of the Dungeon
  9047 | D:10     | Noticed a hill giant
  9072 | D:10     | Killed a hill giant
  9280 | D:10     | Reached skill level 14 in Stealth
  9468 | D:10     | Noticed a hill giant
  9484 | D:10     | Killed a hill giant
  9587 | D:10     | Reached skill level 10 in Spellcasting
  9634 | D:10     | Noticed a hill giant
  9636 | D:10     | Killed a hill giant
  9813 | Lair:1   | Entered Level 1 of the Lair of Beasts
  9896 | D:9      | Gained mutation: Your body sometimes deteriorates upon taking damage. [potion of mutation]
  9896 | D:9      | Gained mutation: You have a pair of small antennae on your head. [potion of mutation]
  9896 | D:9      | Gained mutation: You are somewhat resistant to further mutation. [potion of mutation]
 10023 | Lair:1   | Noticed an eight-headed hydra
 10025 | Lair:1   | Killed an eight-headed hydra
 10025 | Lair:1   | Reached skill level 15 in Stealth
 10025 | Lair:1   | Reached XP level 11. HP: 49/49 MP: 20/26
 10228 | Lair:1   | Reached skill level 1 in Summonings
 10460 | Lair:1   | Got a fine lajatang
 10606 | Lair:1   | Gained mutation: You have sharp fingernails. [potion of mutation]
 10815 | Lair:1   | Reached skill level 5 in Ice Magic
 11814 | Lair:2   | Noticed a four-headed hydra
 11836 | Lair:2   | Killed a four-headed hydra
 11836 | Lair:2   | Reached skill level 10 in Hexes
 11907 | Lair:2   | Reached skill level 16 in Stealth
 13636 | Lair:3   | Identified the +8 lajatang "Lypral" {drain, -Tele rC+ Int+5} (You found it on level 1 of the Lair of Beasts)
 13719 | Lair:3   | Found an iron altar of Okawaru.
 13723 | Lair:3   | Noticed an eight-headed hydra
 13734 | Lair:3   | Killed an eight-headed hydra
 13734 | Lair:3   | Reached skill level 17 in Stealth
 13734 | Lair:3   | Reached XP level 12. HP: 30/54 MP: 25/28
 14093 | Lair:3   | Noticed an eight-headed hydra
 14099 | Lair:3   | Killed an eight-headed hydra
 14106 | Lair:3   | Noticed a six-headed hydra
 14113 | Lair:3   | Killed a six-headed hydra
 14328 | Lair:4   | Found a hole to the Spider Nest.
 15847 | Lair:5   | Noticed a five-headed hydra
 15858 | Lair:5   | Killed a five-headed hydra
 15858 | Lair:5   | Reached skill level 18 in Stealth
 16195 | Lair:5   | Noticed a seven-headed hydra
 16216 | Lair:5   | Killed a seven-headed hydra
 16621 | Lair:6   | Found a labyrinth entrance.
 16629 | Lair:6   | Found a staircase to the Swamp.
 16636 | Lab      | Entered a labyrinth
 17260 | Lab      | Noticed a minotaur
 17275 | Lab      | Killed a minotaur
 17280 | Lab      | Got a warped iron ring
 17300 | Lab      | Identified the ring of Kiet {+Fly Int+4 Slay+3} (You found it in a labyrinth)
 17305 | Lab      | Identified a +8 rod of shadows (13/13) (You found it in a labyrinth)
 17322 | Lab      | Learned a level 4 spell: Cause Fear
 17904 | Lair:6   | Reached XP level 13. HP: 59/59 MP: 30/30
 18306 | Lair:6   | Reached skill level 19 in Stealth
 18798 | Lair:6   | Found a staircase to the Slime Pits.
 19055 | Lair:7   | Identified a scroll of acquirement
 20457 | Lair:6   | Noticed an acid blob
 20481 | Lair:7   | Reached skill level 5 in Short Blades
 21095 | Lair:7   | Reached skill level 20 in Stealth
 21436 | Lair:6   | Learned a level 4 spell: Summon Ice Beast
 21845 | Lair:7   | Reached skill level 1 in Evocations
 22339 | Lair:7   | Noticed a dire elephant
 22343 | Lair:7   | Killed a dire elephant
 22343 | Lair:7   | Reached XP level 14. HP: 63/63 MP: 33/33
 22357 | Lair:7   | Learned a level 3 spell: Regeneration
 22447 | Lair:8   | Entered Level 8 of the Lair of Beasts
 24427 | Lair:8   | Reached skill level 15 in Spellcasting
 25381 | Lair:8   | Gained mutation: You are clumsy. (Dex -2) [potion of mutation]
 25382 | Lair:8   | Lost mutation: You have a pair of small antennae on your head. [potion of cure mutation]
 25382 | Lair:8   | Lost mutation: Your body sometimes deteriorates upon taking damage. [potion of cure mutation]
 25382 | Lair:8   | Lost mutation: You are clumsy. (Dex -2) [potion of cure mutation]
 25382 | Lair:8   | Lost mutation: You are somewhat resistant to further mutation. [potion of cure mutation]
 26024 | D:11     | Learned a level 3 spell: Ozocubu's Armour
 26219 | D:11     | You fall through a shaft for 3 floors!
 26264 | D:14     | Reached skill level 21 in Stealth
 26667 | D:14     | Noticed Agnes
 26733 | D:14     | Reached skill level 1 in Charms
 26816 | D:12     | Noticed George's ghost (journeyman MiFi)
 26906 | D:12     | Noticed Psyche
 26908 | D:12     | Found a frozen archway.
 26909 | D:12     | Killed Psyche
 26946 | IceCv    | Entered an ice cave
 27826 | D:12     | Reached XP level 15. HP: 68/68 MP: 35/35
 27931 | D:12     | Reached skill level 1 in Necromancy
 28021 | D:12     | Killed George's ghost
 28393 | D:11     | Found a staircase to the Orcish Mines.
 28768 | Orc:1    | Entered Level 1 of the Orcish Mines
 29501 | Orc:2    | Entered Level 2 of the Orcish Mines
 30224 | Orc:2    | Found a staircase to the Elven Halls.
 30597 | Orc:2    | Found Hatih's Gadget Boutique.
 30597 | Orc:2    | Found Jomej's Antique Armour Shoppe.
 30599 | Orc:2    | Found Vixepunt's Magic Scroll Emporium.
 30601 | Orc:2    | Found Akhlo's Magic Scroll Shop.
 30612 | Orc:2    | Bought a runed cloak for 148 gold pieces
 31368 | Orc:1    | Learned a level 3 spell: Gell's Gravitas
 31373 | Orc:1    | Learned a level 4 spell: Throw Icicle
 31456 | Elf:1    | Entered Level 1 of the Elven Halls
 31491 | Elf:1    | Noticed a deep elf sorcerer
 31540 | Elf:1    | Noticed a deep elf sorcerer
 31561 | Elf:1    | Killed a deep elf sorcerer
 31615 | Elf:1    | Mangled by a long sword of slicing

Vault maps used:
D:1:      saegor_arrival_under_anarchy, minivault_5, minmay_misc_feat_diagonals,
          serial_bayou_pond_d
D:2:      ecumenical_altar_1, first_bread, nemelex_lonely_heart_becter,
          uniq_terence, uniq_iyjb
D:4:      lemuel_zombie_altar_kikubaaqudgha, lemuel_doored_altar, temple_pool_a,
          kennysheep_cross_bottleneck, uniq_sigmund, uniq_grinder,
          uniq_menkaure, uniq_blork_the_orc, uniq_robin
D:5:      okawaru_trees_1
D:6:      serial_shops, shop, grunt_decor_resistance
D:7:      grunt_pakellas_basics, gammafunk_temple_overflow_pools
D:8:      uniq_erica, uniq_pikel
D:9:      lemuel_round_altar, old_standard_altar, lair_0_dummy, uniq_grum
D:11:     orc_0_dummy, grunt_tengu_nest
D:12:     portal_ice_cave_entry_pillars_03, uniq_psyche
D:13:     erik_vaults_1
D:14:     minmay_crystal_room, uniq_azrael, uniq_agnes, uniq_kirke
Temple:   triangle_lava_temple_12
Lair:1:   infiniplex_staircase_pool_2, grunt_megastairs_2
Lair:2:   serial_bayou, serial_bayou_pond_e, serial_bayou_pond_c,
          serial_bayou_pond_e, serial_bayou_pond_c, beast_lair_carwin_2,
          lemuel_fruit_tree
Lair:3:   basic_altar
Lair:4:   nicolae_spider_entry_tight_spaces, serial_bayou_lake_a
Lair:5:   minmay_stone_trees_medium, grunt_forest_small_clearing_treed
Lair:6:   swamp_mist, dpeg_slime_entry_corner, lab_entry_generic,
          grunt_forest_large_clearing_hut, grunt_megastairs_4
Lair:7:   gammafunk_lair_enchanted_lake, zaba_anthell, serial_bayou_shore_b,
          serial_bayou_shore_b, serial_bayou_shore_b
Lair:8:   grunt_lair_end_beastmaster
Orc:2:    st_orc_rangers, nicolae_orc_rich_vein
Elf:1:    serial_shops, shop, minmay_elf_demonology
Lab:      labyrinth_hidden_loot, labyrinth_fake_exit, nicolae_lab_x
IceCv:    ice_cave_small_demon

Skill      XL: |  1  2  3  4  5  6  7  8  9 10 11 12 13 14 15 |
---------------+----------------------------------------------+-----
Spellcasting   | 3 4 5 7 8 10 11 12 14 15 16 | 16.1
Hexes          | 4 5 6 8 9 10 11 12 13 14 | 14.3
Stealth        | 5 6 7 8 10 11 13 15 17 18 20 21 | 21.6
Ice Magic      | 1 2 3 4 5 6 7 8 |  8.4
Short Blades   | 2 3 4 5 |  5.9
Dodging        | 4 5 6 7 8 9 |  9.7
Fighting       | 1 2 3 |  3.5
Summonings     | 1 2 |  2.2
Evocations     | 1 |  1.1
Charms         | 1 2 |  2.3
Necromancy     | 1 |  1.0
Conjurations   | |  0.8

Action                   |  1- 3 |  4- 6 |  7- 9 | 10-12 | 13-15 || total
-------------------------+-------+-------+-------+-------+-------++-------
Melee: Dagger            |    39 |    74 |   205 |    25 |    61 ||   404
       Short sword       |       |       |       |   285 |   674 ||   959
 Cast: Corona            |     6 |       |       |       |       ||     6
       Ensorcelled Hiber |    22 |    44 |    70 |   218 |   279 ||   633
       Confuse           |       |     4 |    31 |    36 |   161 ||   232
       Tukima's Dance    |       |       |    10 |     7 |    46 ||    63
       Dazzling Spray    |       |       |    10 |    10 |    14 ||    34
       Call Canine Famil |       |       |       |     9 |     1 ||    10
       Cause Fear        |       |       |       |       |     7 ||     7
       Summon Ice Beast  |       |       |       |       |    58 ||    58
       Regeneration      |       |       |       |       |    27 ||    27
       Ozocubu's Armour  |       |       |       |       |    21 ||    21
       Throw Icicle      |       |       |       |       |     8 ||     8
       Gell's Gravitas   |       |       |       |       |     1 ||     1
Invok: Call Merchant     |       |       |       |     1 |     2 ||     3
       Bribe Branch      |       |       |       |       |     1 ||     1
 Abil: Evoke Flight      |       |       |       |       |     2 ||     2
Evoke: Rod               |       |       |       |     2 |       ||     2
       Wand              |       |       |       |       |    10 ||    10
  Use: Scroll            |       |       |    13 |    12 |     9 ||    34
       Potion            |       |       |       |    15 |    11 ||    26
 Stab: Sleeping          |    19 |    46 |    62 |   166 |   217 ||   510
       Confused          |       |     3 |    23 |    16 |    65 ||   107
       Distracted        |       |       |     2 |       |     6 ||     8
       Invisible         |       |       |     1 |     1 |     3 ||     5
       Fleeing           |       |       |       |       |     4 ||     4
  Eat: Pizza             |       |     1 |       |     1 |     1 ||     3
       Bread ration      |       |     1 |     1 |       |     1 ||     3
       Fruit             |       |       |       |     3 |     8 ||    11
